 Dungeon Crawl Stone Soup version 0.31.0-32-g396128a36d (webtiles) character file.

Game seed: 12226729155922362001

43 PaiMei the Grave Robber (level 3, 0/24 HPs)
             Began as a Demonspawn Necromancer on Mar 11, 2024.
             Slain by Natasha (5 damage)
             ... on level 1 of the Dungeon.
             The game lasted 00:02:10 (1629 turns).

PaiMei the Grave Robber (Demonspawn Necromancer)    Turns: 1629, Time: 00:02:11

Health: 0/24       AC:  4    Str:  8    XL:     3   Next: 37%
Magic:  0/6        EV: 12    Int: 17    God:
Gold:   78         SH:  0    Dex: 13    Spells: 5/6 levels left

rFire   . . .        n - +0 spear
rCold   . . .        (no shield)
rNeg    . . .        a - +0 robe
rPois   .            (helmet restricted)
rElec   .            (no cloak)
rCorr   .            g - +0 pair of gloves
SInv    .            h - +0 pair of boots
Will    .....        (no amulet)
Stlth   ++           (no ring)
HPRegen 0.24/turn    (no ring)
MPRegen 0.10/turn

%: no passive effects
@: slowed, very slow
A: antennae 1, demonic magic 1
a: no special abilities


You were on level 1 of the Dungeon.
You visited 1 branch of the dungeon, and saw 2 of its levels.

You collected 78 gold pieces.

Inventory:

Hand Weapons
 d - a +0 club
 n - a +0 spear (weapon)
Missiles
 e - 2 poisoned darts (quivered)
Armour
 a - a +0 robe (worn)
 c - a +0 helmet
 g - a +0 pair of gloves (worn)
 h - a +0 pair of boots (worn)
 o - an orb of mayhem
Scrolls
 f - a scroll of identify {unknown}
 k - a scroll of enchant weapon {unknown}
 l - a scroll of teleportation {unknown}
Potions
 b - 2 potions of magic
 i - a potion of cancellation {unknown}
 j - a potion of curing {unknown}
 m - a potion of invisibility {unknown}


   Skills:
 + Level 2.3 Dodging
 + Level 2.4 Stealth
 + Level 2.4 Spellcasting
 + Level 4.7 Necromancy


You had 5 spell levels left.
You knew the following spells:

 Your Spells              Type           Power      Damage    Failure   Level
a - Necrotise             Necr           72%        1d7       2%          1

Your spell library contained the following spells:

 Spells                   Type           Power      Damage    Failure   Level
 Vampiric Draining        Necr           18%        2d7       8%          3
 Magic Dart               Conj           8%         1d3       19%         1
 Animate Dead             Necr           18%        N/A       26%         4
 Blink                    Tloc           4%         N/A       28%         2
 Call Imp                 Summ           4%         N/A       28%         2
 Curse of Agony           Necr           18%        N/A       58%         5


Dungeon Overview and Level Annotations

Branches:
Dungeon (2/15)

Altars:

Annotations:
D:1 Natasha


Innate Abilities, Weirdness & Mutations

You have a pair of small antennae on your head.
Spells you cast may paralyse adjacent enemies.


Message History

Aiming: Necrotise (safe; 2% risk of failure)
Press: ? - help, Shift-Dir - straight line, f/p - Natasha
Aim: Natasha (moderately wounded, paralysed, chance to affect: 76%) Natasha barely resists.
Malevolent energies surge around you.
Your magical contamination has completely faded away.
Unknown command.
Casting: Necrotise (safe; 2% risk of failure)
Confirm with . or Enter, or press ? or * to list all spells.
You don't have enough magic to cast this spell.
The helpless Natasha fails to defend herself.
You hit Natasha.
Natasha is heavily wounded.
Natasha is no longer paralysed.
Natasha casts a spell at you. The magic dart hits you!
Natasha howls an incantation.
Natasha shimmers violently.
Natasha claws you.
* * * LOW HITPOINT WARNING * * *
You hit Natasha.
Natasha is severely wounded.
Natasha closely misses you.
Natasha stares at you and mumbles some strange words.
You resist with significant effort.
Casting: Necrotise (safe; 2% risk of failure)
Confirm with . or Enter, or press ? or * to list all spells.
You don't have enough magic to cast this spell.
Casting: Necrotise (safe; 2% risk of failure)
Confirm with . or Enter, or press ? or * to list all spells.
You don't have enough magic to cast this spell.
You barely miss Natasha.
Natasha is heavily wounded.
Natasha mewls in sadness.
Natasha casts a spell at you.
You feel as though you will be slow longer.
You hit Natasha.
Natasha is almost dead.
Natasha completely misses you. Natasha claws you.
You die...
Natasha begins licking her fur clean.

..........####....#.##########.#.
#########.#....#..#.####.......#.
#...####..#............#.
##........#####........#.
####..####..# #...........
#...........####....####...
#..................#####...
#........(.###.#....##.....
#........h@# #......##.....
#.........## ##...#####)...
#########.# ###..####....# #.#
##............# #.#
#....###.....## #.#
#...####..#### #.# #....#....#
#.###..####...# #.##...###....#


You could see Natasha.

Vanquished Creatures
  An adder (D:2)
  2 dart slugs (D:1)
  3 endoplasms (D:1)
  A giant cockroach (D:1)
  2 goblins (D:1)
  4 jackals (D:1)
  6 kobolds (D:1)
  A quokka (D:1)
  3 ball pythons (D:1)
  A bat (D:1)
  4 rats (D:1)
28 creatures vanquished.

Notes
Turn   | Place    | Note
-------+----------+-------------------------------------------
     0 | D:1      | PaiMei the Demonspawn Necromancer began the quest for the
                  | Orb.
     0 | D:1      | Reached XP level 1. HP: 13/13 MP: 3/3
   244 | D:1      | Discovered your monstrous ancestry.
   244 | D:1      | Gained mutation: You have a pair of small antennae on your
                  | head. [demonic ancestry]
   244 | D:1      | Reached XP level 2. HP: 19/19 MP: 3/5
   872 | D:1      | Found a faded altar of an unknown god.
   882 | D:1      | Gained mutation: Spells you cast may paralyse adjacent
                  | enemies. [demonic ancestry]
   882 | D:1      | Reached XP level 3. HP: 24/24 MP: 1/6
  1465 | D:2      | Noticed Natasha
  1629 | D:1      | Slain by Natasha

Illustrated notes

Levels and vault maps discovered:
D:1:      psy_arrival_statuary, layout_basic, nicolae_ecumenical_snake_handling,
          hangedman_decor_growths
D:2:      minmay_roachtagon, layout_basic, uniq_natasha

Skill      XL: |  1 |
---------------+----+-----
Dodging        | 2 |  2.3
Stealth        | 2 |  2.4
Spellcasting   | |  2.4
Necromancy     | |  4.7

Action                     || total
---------------------------++-------
  Melee: Unarmed           ||     7
         Club              ||    17
         Spear             ||     5
   Cast: Necrotise         ||    57
   Stab: Paralysed         ||     1
 Armour: Robe              ||    27
  Dodge: Dodged            ||    41
